 Dungeon Crawl Stone Soup version 0.28-a0-628-g3c9886e45e (webtiles) character file.

Game seed: 12352943263061374432

8796 mordus the Spear-Bearer (level 11, -3/82 HPs)
             Began as a Hill Orc Monk on Oct 8, 2021.
             Was an Elder of Beogh.
             Slain by a bone dragon (10 damage)
             ... on level 2 of the Abyss.
             The game lasted 00:32:56 (14122 turns).

mordus the Spear-Bearer (Hill Orc Monk)            Turns: 14122, Time: 00:32:57

Health: -3/82      AC: 13    Str: 13 (14) XL:     11   Next: 36%
Magic:  7/7        EV:  6    Int:  9 (10) God:    Beogh [****..]
Gold:   548        SH: 11    Dex: 13 (15) Spells: 10/10 levels left

rFire   . . .      SeeInvis .   A - +2 trident (protect)
rCold   . . .      Faith    .   v - +0 kite shield
rNeg    . . .      Spirit   .   o - +0 chain mail
rPois   +          Reflect  .   y - +0 helmet
rElec   .          Harm     .   m - +2 cloak
rCorr   .          Rampage  .   w - +0 pair of gloves
Will    .....      Rage     3%  (no boots)
Stlth   ..........              (no amulet)
HPRegen 0.00/turn               u - ring of poison resistance
MPRegen 0.10/turn               z - +6 ring of dexterity

@: inhibited regen
A: [berserk 2], [clumsy 2], [deformed body], [deterioration 2], [low mp 3],
[inhibited regeneration], [weak 2]
a: Renounce Religion, Smiting, Recall Orcish Followers


You were on level 2 of the Abyss.
You worshipped Beogh.
Beogh was greatly pleased with you.
You visited 1 branch of the dungeon, and saw 11 of its levels.
You visited the Abyss 1 time.
You also visited: Ossuary.

You collected 548 gold pieces.

Inventory:

Hand Weapons
 h - a +1 war axe of electrocution
 p - a +0 vorpal spear
 A - a +2 trident of protection (weapon)
Armour
 a - a +0 buckler of poison resistance
 g - a +1 scale mail
 m - a +2 cloak (worn)
 o - a +0 chain mail (worn)
 v - a +0 kite shield (worn)
 w - a +0 pair of gloves (worn)
 y - a +0 helmet (worn)
Jewellery
 u - a ring of poison resistance (left hand)
 z - a +6 ring of dexterity (right hand)
Wands
 j - a wand of flame (27)
 l - a wand of paralysis (9)
 F - a wand of digging (11)
Scrolls
 c - 3 scrolls of teleportation
 d - a scroll of magic mapping
 i - 3 scrolls of amnesia
 C - 5 scrolls of identify
 D - a scroll of enchant armour
 G - a scroll of torment {unknown}
Potions
 b - a potion of magic {unknown}
 e - 4 potions of haste
 f - 10 potions of curing
 k - 3 potions of heal wounds {unknown}
 n - 5 potions of mutation {unknown}
 q - 2 potions of invisibility {unknown}
 r - 2 potions of experience {unknown}
 s - 2 potions of might
 t - 2 potions of brilliance {unknown}
 x - 2 potions of lignification {unknown}
 B - a potion of flight {unknown}
Miscellaneous
 E - a piece from Xom's chessboard (15/15)


   Skills:
 - Level 3.6 Fighting
 * Level 14.0 Polearms
 + Level 9.7 Armour
 - Level 2.4 Dodging
 - Level 1.5 Stealth
 + Level 8.8 Shields


You had 10 spell levels left.
You didn't know any spells.
Your spell library contained the following spells:

 Spells                   Type           Power      Damage    Failure   Level
 Sandblast                Erth           0%         2d4       100%        1
 Sting                    Tmut/Pois      0%         1d3       100%        1
 Passwall                 Tmut/Erth      0%         N/A       100%        2
 Poisonous Vapours        Pois/Air       0%         N/A       100%        2
 Portal Projectile        Hex/Tloc       0%         N/A       100%        3
 Stone Arrow              Conj/Erth      0%         3d7       100%        3
 Swiftness                Air            0%         N/A       100%        3
 Animate Dead             Necr           0%         N/A       100%        4
 Olgreb's Toxic Radiance  Pois           0%         N/A       100%        4
 Blade Hands              Tmut           0%         N/A       100%        5
 Borgnjor's Vile Clutch   Necr/Erth      0%         N/A       100%        5
 Excruciating Wounds      Necr           0%         N/A       100%        5
 Death Channel            Necr           0%         N/A       100%        6
 Invisibility             Hex            0%         N/A       100%        6


Dungeon Overview and Level Annotations

Branches:
Dungeon (11/15)            Temple (0/1) D:7         Ossuary (visited)
   Lair: D:8-11         Orc: D:9-12

Altars:
Ashenzari
Cheibriados
Elyvilon
Fedhas
Gozag
Makhleb
Nemelex Xobeh
Sif Muna
Vehumet
Wu Jian
Xom
Zin

Shops:
D:1 =   D:3 =   D:7 (   D:10 ((:(*:

Annotations:
D:8 1 runed translucent door, tinescath's ghost, novice TeAE


Innate Abilities, Weirdness & Mutations

[You often lose your temper in combat.]
[You are very clumsy. (Dex -4)]
[Armour fits poorly on your strangely shaped body.]
[Your body often deteriorates upon taking damage.]
[Your magical capacity is extremely low. (-30% MP)]
[You do not regenerate when monsters are visible.]
[You are very weak. (Str -4)]


Message History

You hit the small abomination but do no damage.
The small abomination is moderately damaged.
You block the small abomination's attack.
You puncture the small abomination!
The small abomination is severely damaged.
The small abomination hits you but does no damage.
You hit the small abomination.
The small abomination is almost destroyed.
You hit the small abomination.
The small abomination is almost destroyed.
The small abomination hits you.
Your chain mail prevents you from hitting the small abomination.
The small abomination is almost destroyed.
You block the small abomination's attack.
You hit the small abomination.
You destroy the small abomination!
Beogh accepts your kill.
A large abomination comes into view.
A naga warrior zombie comes into view.
A daeva comes into view.
It is wielding a +5 eudemon blade of holy wrath.
Found a great mace.
A bone dragon comes into view.
A quasit comes into view.
The daeva calls down the wrath of the Shining One upon you.
The Shining One smites you!
Your body deteriorates!
You feel dopey. You block the quasit's attack. x2
The quasit claws you but does no damage.
You block the bone dragon's attack. The bone dragon claws you!
* * * LOW HITPOINT WARNING * * *
Your body deteriorates!
You feel weakened. You block the bone dragon's attack.
A naga warrior zombie comes into view.
The bone dragon bites you!
* * * LOW HITPOINT WARNING * * *
Your body deteriorates!
You feel clumsy. You block the bone dragon's attack.
The bone dragon barely misses you.
You block the naga warrior zombie's attack. x2
The bone dragon bites you!
You die...

. .# .. ## #.
###.. #. #. #.
..###.##.
##..#...#..######
........ #..##.#
.. .#.5 ##.D.#
##.#...##..#@#
#........###Z#
#.##......# #.≈
##.#..##.# #≈≈.
##..# ...#..≈≈..#
# #. ##.
...##≈≈...# #.
#A###.#...≈≈..##.
..#. #.#... ♣.#..
## .A##.. .##≈≈#


You could see a bone dragon and a naga warrior zombie.

Vanquished Creatures
  Josephine (D:10)
  A cyclops (D:11)
  Joseph (D:7)
  A kobold demonologist (D:10)
  3 trolls
  Prince Ribbit (D:7)
  Grinder (D:5)
  4 wraiths (D:10)
  5 yaks
  Menkaure (D:7)
  A water moccasin (D:7)
  A necrophage (D:6)
  A sky beast (D:8)
  A black bear (D:6)
  5 ogres
  A wolf (D:11)
  3 centaurs
  2 phantoms
  A kobold brigand (D:7)
  2 bullfrogs
  2 elf zombies (Ossuary)
  A gnoll sergeant (D:7)
  A wyvern zombie (D:7)
  4 scorpions
  A small abomination (Abyss:2)
  8 wights
  3 howler monkeys
  2 electric eels (D:7)
  7 hounds
  2 human zombies (Ossuary)
  3 centaur zombies
  A jelly (D:6)
  Crazy Yiuf (D:5)
  2 orc priests
  A bullfrog skeleton (D:5)
  A centaur skeleton (D:6)
  An orc wizard (D:5)
  Natasha (thrice) (D:4)
  2 hound skeletons
  3 mummies
  A howler monkey skeleton (D:6)
  7 adders
  8 gnolls
  3 ufetubi
  3 adder zombies (Ossuary)
  2 dart slugs
  7 orcs
  5 endoplasms
  4 giant cockroaches
  5 goblins
  7 hobgoblins
  6 jackals
  17 kobolds
  4 quokkas
  4 ball pythons
  4 bats
  2 frilled lizards
  A goblin zombie (Ossuary)
  7 hobgoblin zombies (Ossuary)
  A jackal skeleton (D:4)
  12 kobold zombies (Ossuary)
  6 orc zombies (Ossuary)
  4 rats
  2 rat zombies (Ossuary)
208 creatures vanquished.

Vanquished Creatures (collateral kills)
  A boulder beetle (D:9)
  Nergalle (D:10)
  A wyvern (D:8)
  A yak (D:9)
  A steam dragon (D:8)
  A water moccasin (D:8)
  3 orc warriors
  A kobold brigand (D:9)
  A bullfrog (D:8)
  An orc priest (D:9)
  An orc wizard (D:8)
  3 orcs
  2 kobolds (D:9)
18 creatures vanquished.

Vanquished Creatures (others)
  2 orc warriors (D:10)
  2 orc wizards (D:10)
  3 orc priests
  7 orcs
  2 jackals (D:3)
  A ball python (D:3)
  A butterfly (D:7)
  8 starspawn tentacles (Abyss:2)
26 creatures vanquished.

Grand Total: 252 creatures vanquished

Notes
Turn   | Place    | Note
-------+----------+-------------------------------------------
     0 | D:1      | mordus the Hill Orc Monk began the quest for the Orb.
     0 | D:1      | Reached XP level 1. HP: 19/19 MP: 1/1
    64 | D:1      | Found a faded altar of an unknown god.
    64 | D:1      | Noticed a crimson imp
   247 | D:1      | Reached XP level 2. HP: 22/26 MP: 2/2
   279 | D:1      | Reached skill level 1 in Armour
   431 | D:1      | Reached skill level 4 in Polearms
   542 | D:1      | Found Cudei's Jewellery Boutique.
   964 | D:2      | Reached XP level 3. HP: 31/31 MP: 3/3
  1465 | D:2      | Reached XP level 4. HP: 31/39 MP: 4/4
  1959 | D:2      | Reached skill level 5 in Polearms
  2126 | D:3      | Reached XP level 5. HP: 35/45 MP: 5/5
  2267 | D:3      | Became a worshipper of Beogh the Brigand
  2267 | D:3      | Reached * piety under Beogh
  2267 | D:3      | Reached ** piety under Beogh
  2390 | D:3      | Found Ciov Maadu's Jewellery Shop.
  2442 | D:3      | Found an ornate altar of the Wu Jian Council.
  2826 | D:4      | Noticed an ogre
  3262 | D:4      | Reached skill level 6 in Polearms
  3262 | D:4      | Reached XP level 6. HP: 47/51 MP: 6/6
  3672 | D:4      | Noticed Natasha
  3678 | D:4      | Killed Natasha
  3851 | D:4      | Noticed Natasha
  3858 | D:4      | Killed Natasha
  4137 | D:4      | Reached skill level 1 in Shields
  4327 | D:4      | Noticed Natasha
  4334 | D:4      | Killed Natasha
  4335 | D:4      | Reached skill level 7 in Polearms
  4335 | D:4      | Reached XP level 7. HP: 51/57 MP: 7/7
  4582 | D:5      | Entered Level 5 of the Dungeon
  4603 | D:5      | Noticed Grinder
  4788 | D:5      | Paralysed by Grinder for 3 turns
  4967 | D:5      | Paralysed by Grinder for 7 turns
  4981 | D:5      | Paralysed by Grinder for 7 turns
  4996 | D:5      | Killed Grinder
  4997 | D:5      | Reached skill level 8 in Polearms
  5264 | D:5      | Reached skill level 5 in Armour
  5264 | D:5      | Reached XP level 8. HP: 64/64 MP: 8/8
  5773 | D:5      | Found a runed translucent door.
  5774 | D:5      | Noticed Crazy Yiuf
  5779 | D:5      | Killed Crazy Yiuf
  6003 | D:6      | Found a broken altar of Ashenzari.
  6383 | D:6      | Reached skill level 9 in Polearms
  6444 | D:6      | Found a sand-covered staircase.
  6452 | Ossuary  | Entered an ossuary
  6588 | Ossuary  | Reached *** piety under Beogh
  6909 | D:6      | Reached XP level 9. HP: 66/70 MP: 9/9
  6931 | D:6      | Reached skill level 10 in Polearms
  6931 | D:6      | Reached skill level 5 in Shields
  7530 | D:7      | Noticed Prince Ribbit
  7541 | D:7      | Killed Prince Ribbit
  7762 | D:7      | Found Puhoc's Weapon Shop.
  7843 | D:7      | Noticed Joseph
  7845 | D:7      | Found a white marble altar of Elyvilon.
  7865 | D:7      | Killed Joseph
  7924 | D:7      | Reached skill level 11 in Polearms
  8062 | D:7      | Noticed Menkaure
  8080 | D:7      | Killed Menkaure
  8366 | D:7      | Found a shimmering blue altar of Sif Muna.
  8437 | D:7      | Reached **** piety under Beogh
  8598 | D:7      | Found a staircase to the Ecumenical Temple.
  8619 | D:7      | Reached XP level 10. HP: 59/77 MP: 10/10
  9716 | D:8      | Reached skill level 12 in Polearms
  9718 | D:8      | Found a runed translucent door.
  9734 | D:8      | Found a shimmering altar of Xom.
  9734 | D:8      | Noticed tinescath's ghost (novice TeAE)
  9735 | D:8      | Noticed a +1 hand axe of chaos
 10412 | D:9      | Found a blossoming altar of Fedhas.
 10422 | D:9      | Noticed a boulder beetle
 10439 | D:9      | Killed a boulder beetle
 11187 | D:9      | Found a snail-covered altar of Cheibriados.
 11452 | D:9      | Found a radiant altar of Vehumet.
 11639 | D:10     | Entered Level 10 of the Dungeon
 11639 | D:10     | Found a sparkling altar of Nemelex Xobeh.
 11846 | D:10     | Found Baleci's Antique Weapon Emporium.
 11905 | D:10     | Reached skill level 13 in Polearms
 12065 | D:10     | Found Heaf's Book Shop.
 12095 | D:10     | Noticed Nergalle
 12110 | D:10     | Killed Nergalle
 12519 | D:10     | Reached XP level 11. HP: 56/82 MP: 11/11
 12658 | D:10     | Found Wasuylot's Weapon Shoppe.
 12658 | D:10     | Noticed Josephine
 12677 | D:10     | Killed Josephine
 12840 | D:10     | Found Afibia's Antique Weapon Shop.
 12927 | D:10     | Found Aho Toa's Book Shop.
 12933 | D:10     | Found Zin's Purification Station.
 12938 | D:10     | Found a glowing silver altar of Zin.
 13140 | D:10     | Found an opulent altar of Gozag.
 13140 | D:10     | Found a burning altar of Makhleb.
 13407 | D:11     | Noticed a cyclops
 13577 | D:11     | Killed a cyclops
 13578 | D:11     | Reached skill level 14 in Polearms
 13935 | D:11     | Noticed a wizard
 13946 | D:11     | Cast into level 2 of the Abyss (a wizard)
 13973 | Abyss:2  | Noticed a wretched star
 13978 | Abyss:2  | Found an iron altar of Okawaru.
 13978 | Abyss:2  | Noticed a tentacled starspawn
 13990 | Abyss:2  | Noticed a tentacled starspawn
 13996 | Abyss:2  | Noticed a starcursed mass
 14088 | Abyss:2  | Noticed a daeva
 14091 | Abyss:2  | Noticed a bone dragon
 14122 | Abyss:2  | Slain by a bone dragon

Illustrated notes

Levels and vault maps discovered:
D:1:      minmay_arrival_radiant_lines, layout_basic,
          dreamdust_ecumenical_altar_sealed_demon, serial_shops,
          nicolae_square_shop
D:2:      layout_basic
D:3:      layout_rooms, nicolae_wu_jian_immortal_techniques, serial_shops,
          nicolae_shop_window_shopping
D:4:      layout_layer_cave, minmay_pentomino_pile, uniq_natasha
D:5:      layout_basic, uniq_grinder, uniq_crazy_yiuf_cottage
D:6:      layout_cave_pools, kennysheep_mini_moat, nicolae_ossuary_entry_plus,
          serial_column_ruins, column_ruins_hut, column_ruins_grid_1,
          column_ruins_grid_4, column_ruins_open_small,
          column_ruins_open_medium, column_ruins_open_tiny, minmay_fountain_box
D:7:      layout_basic, nicolae_sif_muna_condensation,
          nicolae_elyvilon_peaceful_grove, minmay_temple_entry_waves,
          serial_shops, kennysheep_little_box, small_statue_intersection,
          uniq_menkaure, uniq_prince_ribbit1, uniq_joseph
D:8:      layout_cave_pods, ebering_ghost_xom
D:9:      layout_gridville, mainiacjoe_overflow_24_doors,
          nicolae_vehumet_radiance, slow_altar_2, grunt_ministairs_3
D:10:     layout_basic, zin_purify, nicolae_overflow_crystal_walls,
          gammafunk_temple_overflow_pools, serial_shops, shop,
          nicolae_shop_stone, nicolae_take_the_stairs, shop, shop,
          uniq_josephine, uniq_nergalle
D:11:     layout_loops_cross, erik_lair_island, orc_0_dummy,
          blue_anna_alchemist, uniq_grum
Abyss:2:  base: D:3, hangedman_elemental_corridor

Skill      XL: |  1  2  3  4  5  6  7  8  9 10 11 |
---------------+----------------------------------+-----
Armour         | 1 2 3 4 5 6 7 9 |  9.7
Polearms       | 4 5 6 7 8 9 11 13 14 | 14.0
Shields        | 1 3 4 6 8 |  8.8
Fighting       | |  3.6
Dodging        | |  2.4
Stealth        | |  1.5

Action                   |  1- 3 |  4- 6 |  7- 9 | 10-12 || total
-------------------------+-------+-------+-------+-------++-------
Melee: Spear             |    78 |       |    52 |       ||   130
       War axe           |    42 |   117 |   284 |    61 ||   504
       Trident           |       |       |     5 |   330 ||   335
Invok: Convert to Beogh  |       |     1 |       |       ||     1
       Recall Orcish Fol |       |       |       |     3 ||     3
  Use: Scroll            |       |     6 |     2 |       ||     8
       Potion            |       |       |     1 |       ||     1
 Stab: Sleeping          |     1 |       |       |       ||     1
       Distracted        |       |       |       |     5 ||     5
       Confused          |       |       |       |     1 ||     1
Armor: Ring mail         |     6 |       |       |       ||     6
       Scale mail        |    24 |    64 |    96 |     8 ||   192
       Chain mail        |       |       |       |   144 ||   144
Dodge: Dodged            |    62 |    91 |   121 |    59 ||   333
Block: Buckler           |       |     3 |    54 |     7 ||    64
       Kite shield       |       |       |       |   164 ||   164

Table legend: (Time is in decaauts)
 A = Elapsed time spent in this place.
 B = Non-inter-level travel time spent in this place.
 C = Inter-level travel time spent in this place.
 D = Time resting spent in this place.
 E = Time spent auto-exploring this place.
 F = Levels seen in this place.
 G = Mean time per level.
                   A        B        C        D        E       F      G
               +--------+--------+--------+--------+--------+-----+--------+
         Total |  14162 |  13721 |    441 |   4640 |   6257 |  13 | 1089.4 |
       Dungeon |  13561 |  13120 |    441 |   4510 |   6245 |  11 | 1232.8 |
         Abyss |    173 |    173 |      0 |      0 |      0 |   1 |  173.0 |
       Ossuary |    427 |    427 |      0 |    130 |     12 |   1 |  427.0 |
               +--------+--------+--------+--------+--------+-----+--------+

Top non-repeatable levels by time:
     D:4: 2174 daAuts
    D:10: 1962 daAuts
     D:5: 1586 daAuts
     D:7: 1579 daAuts
     D:9: 1380 daAuts
     D:2: 1165 daAuts
     D:8: 1102 daAuts
     D:1: 955 daAuts
     D:6: 830 daAuts
     D:3: 587 daAuts
 Ossuary: 427 daAuts
    D:11: 238 daAuts
 Abyss:2: 173 daAuts
